[Event "ICCopen2017"]
[Site "Internet Chess Club"]
[Date "2017.03.26"]
[Round "4"]
[White "cloak1"]
[Black "nahuels1992"]
[Result "1-0"]
[ICCResult "Black resigns"]
[WhiteElo "1848"]
[BlackElo "1307"]
[Opening "Scotch: Potter variation"]
[ECO "C45"]
[NIC "SO.05"]
[Time "19:41:43"]
[TimeControl "180+0"]

1. e4 e5 2. Nf3 Nc6 3. d4 exd4 4. Nxd4 Bc5 5. Nb3 Bb6 6. a4 a6 7. Nc3 d6 8.
Nd5 h6 9. Nxb6 cxb6 10. Bf4 Ne5 11. Be2 Be6 12. Nd4 Nf6 13. Nxe6 fxe6 14. f3
O-O 15. O-O Qe7 16. Qe1 Rac8 17. c3 Nc4 18. b3 Ne5 19. Be3 Nh5 20. f4 Nxf4
21. Bxf4 Qc7 22. Bxe5 dxe5 23. Rc1 Qc5+ 24. Kh1 Qe3 25. Bc4 Rxf1+ 26. Qxf1
Re8 27. Qe1 Qg5 28. Rc2 Kh7 29. Rf2 Rd8 30. Bxe6 h5 31. Bd5 b5 32. Rf5 Qg4
33. axb5 axb5 34. h3 Qg6 35. Qh4 Rd6 36. Rxh5+ Qxh5 37. Qxh5+ {Black
resigns} 1-0

[Event "ICCopen2017"]
[Site "Internet Chess Club"]
[Date "2017.03.26"]
[Round "4"]
[White "EGK"]
[Black "Palse"]
[Result "0-1"]
[ICCResult "White forfeits on time"]
[WhiteElo "1930"]
[BlackElo "2288"]
[Opening "Queen's pawn: Torre attack"]
[ECO "A46"]
[NIC "QP.04"]
[Time "19:41:00"]
[TimeControl "180+0"]

1. d4 Nf6 2. Nf3 e6 3. Bg5 Be7 4. e3 b6 5. Bd3 Bb7 6. O-O c5 7. c3 O-O 8.
Nbd2 h6 9. Bh4 d6 10. Re1 cxd4 11. exd4 Nbd7 12. Qe2 a6 13. h3 Re8 14. Nc4
Qc7 15. Bg3 Bc6 16. Ne3 Qb7 17. Nd2 b5 18. b3 Bf8 19. c4 Qb6 20. Nc2 Rac8
21. Rab1 e5 22. d5 Bb7 23. Bf5 g6 24. Bd3 b4 25. Kh1 Nc5 26. f3 Nfd7 27. Ne4
Nxe4 28. fxe4 Nc5 29. Rf1 Rc7 30. Rf3 a5 31. Rbf1 Bc8 32. Qf2 Qa7 33. Be2
Bg7 34. Ne1 Nxe4 35. Qxa7 Rxa7 36. Bh2 f5 37. Nd3 Nd2 {White forfeits on
time} 0-1

[Event "ICCopen2017"]
[Site "Internet Chess Club"]
[Date "2017.03.26"]
[Round "4"]
[White "F83"]
[Black "LevAbramovich"]
[Result "1-0"]
[ICCResult "Black checkmated"]
[WhiteElo "1864"]
[BlackElo "2090"]
[Opening "Sicilian: Nimzovich-Rossolimo attack (with ...g6, without ...d6)"]
[ECO "B31"]
[NIC "SI.31"]
[Time "19:41:48"]
[TimeControl "180+0"]

1. e4 c5 2. Nf3 Nc6 3. Bb5 g6 4. Bxc6 dxc6 5. O-O Bg7 6. d3 e5 7. a4 Qe7 8.
Nc3 Nf6 9. Bg5 Nd7 10. Bxe7 Kxe7 11. a5 Nf8 12. Qd2 Ne6 13. g3 h5 14. Nh4
Bh6 15. f4 g5 16. Nf5+ Ke8 17. Nxh6 Rxh6 18. fxg5 Rg6 19. h4 Bd7 20. Qf2 f6
21. gxf6 Kf7 22. Nd1 Rag8 23. Kh2 Nd4 24. Ne3 Bg4 25. Nxg4 Rxg4 26. c3 Ne6
27. Rg1 R8g6 28. Raf1 b5 29. axb6 axb6 30. Qf5 Nf4 31. gxf4 Rxh4+ 32. Qh3
Rxh3+ 33. Kxh3 Rh6 34. fxe5 Rh8 35. Rg7+ Ke6 36. Re7# {Black checkmated} 1-0

[Event "ICCopen2017"]
[Site "Internet Chess Club"]
[Date "2017.03.26"]
[Round "4"]
[White "x22"]
[Black "BirchRun"]
[Result "1-0"]
[ICCResult "Black resigns"]
[WhiteElo "2314"]
[BlackElo "1601"]
[Opening "Van't Kruijs opening"]
[ECO "A00"]
[Time "19:42:02"]
[TimeControl "180+0"]

1. e3 d5 2. Ne2 c6 3. d4 Nf6 4. c4 Bg4 5. Nbc3 e6 6. f3 Bh5 7. g4 Bg6 8. Nf4
Bd6 9. h4 Bxf4 10. exf4 h6 11. f5 exf5 12. h5 Bh7 13. g5 hxg5 14. Bxg5 Qe7+
15. Be2 Nbd7 16. cxd5 cxd5 17. Nxd5 Qd6 18. Nxf6+ Nxf6 19. Qd2 Qg3+ 20. Kf1
O-O 21. Bxf6 f4 22. Be5 g5 23. hxg6 fxg6 24. Bc4+ Rf7 25. Bxf7+ Kxf7 26.
Rxh7+ Ke6 27. Qd3 Re8 28. Qe4 Re7 29. Rxe7+ Kxe7 30. Rc1 Qh3+ 31. Ke2 Qg2+
32. Kd3 {Black resigns} 1-0

[Event "ICCopen2017"]
[Site "Internet Chess Club"]
[Date "2017.03.26"]
[Round "4"]
[White "MAU"]
[Black "snaillike"]
[Result "1-0"]
[ICCResult "Black checkmated"]
[WhiteElo "1710"]
[BlackElo "1187"]
[Opening "Scandinavian (center counter) defense"]
[ECO "B01"]
[NIC "VO.17"]
[Time "19:41:41"]
[TimeControl "180+0"]

1. e4 d5 2. exd5 e6 3. dxe6 Bxe6 4. Nc3 Nf6 5. Nf3 Bd6 6. Bb5+ c6 7. Ba4 O-O
8. O-O Qc8 9. d3 Bg4 10. Bg5 Nh5 11. Bb3 Nf4 12. Bxf4 Bxf4 13. Ne4 Kh8 14.
Ng3 h5 15. Re1 h4 16. Ne4 h3 17. g3 Bc7 18. Neg5 f6 19. Nf7+ Kh7 20. Qe2
Rxf7 21. Bxf7 g6 22. Bb3 Bd8 23. Qe8 Bxf3 24. Re7+ Kh6 25. Qh8+ Kg5 26. Qh4+
Kf5 27. Qf4# {Black checkmated} 1-0

[Event "ICCopen2017"]
[Site "Internet Chess Club"]
[Date "2017.03.26"]
[Round "4"]
[White "GrandPatzer5"]
[Black "kutittaja"]
[Result "1-0"]
[ICCResult "Black checkmated"]
[WhiteElo "1928"]
[BlackElo "1586"]
[Opening "Alekhine's defense: Sämisch attack"]
[ECO "B02"]
[NIC "AL.10"]
[Time "19:40:59"]
[TimeControl "180+0"]

1. e4 Nf6 2. e5 Nd5 3. Nc3 Nxc3 4. dxc3 c5 5. Bc4 e6 6. Bf4 Nc6 7. Qg4 Qb6
8. O-O-O a5 9. Nf3 a4 10. a3 Na5 11. Bd3 c4 12. Be4 Qb5 13. h4 Ra6 14. h5
Rb6 15. Kd2 Qxb2 16. Rb1 Nb3+ 17. Ke2 Qxc3 18. cxb3 Rxb3 19. Rxb3 cxb3 20.
Rc1 Qb2+ 21. Kf1 Kd8 22. Qg5+ Be7 23. Rxc8+ Kxc8 24. Qxe7 Qa1+ 25. Ke2 b2
26. Qb4 b1=Q 27. Qxb1 Qxa3 28. Qxb7+ Kd8 29. Bg5+ f6 30. exf6 Qa2+ 31. Nd2
Ke8 32. Qc8+ Kf7 33. Qxd7+ Kg8 34. Qxg7# {Black checkmated} 1-0

[Event "ICCopen2017"]
[Site "Internet Chess Club"]
[Date "2017.03.26"]
[Round "4"]
[White "lion100"]
[Black "JohannesHaugish"]
[Result "0-1"]
[ICCResult "White resigns"]
[WhiteElo "1373"]
[BlackElo "1747"]
[Opening "Caro-Kann: exchange variation"]
[ECO "B13"]
[NIC "CK.02"]
[Time "19:42:17"]
[TimeControl "180+0"]

1. e4 c6 2. d4 d5 3. exd5 cxd5 4. Nf3 Nf6 5. h3 Nc6 6. Bd3 g6 7. c3 Bg7 8.
Bg5 O-O 9. Qd2 Ne4 10. Qf4 f6 11. Bxe4 fxg5 12. Bxd5+ Qxd5 13. Qxg5 Qxg5 14.
Nxg5 Bf5 15. Nd2 Rad8 16. O-O e5 17. d5 Rxd5 18. Ndf3 e4 19. Nd4 Nxd4 20.
cxd4 Bxd4 21. g4 Bxg4 22. Nxe4 Bxh3 23. Rfd1 Bg4 24. Rd2 Bf3 25. Nc3 Bxc3
26. Rxd5 Bxd5 27. bxc3 Rc8 {White resigns} 0-1

[Event "ICCopen2017"]
[Site "Internet Chess Club"]
[Date "2017.03.26"]
[Round "4"]
[White "ErnestoRondon"]
[Black "cheslikeyomama"]
[Result "1-0"]
[ICCResult "Black forfeits on time"]
[WhiteElo "1859"]
[BlackElo "1525"]
[Opening "Robatsch (modern) defense"]
[ECO "B06"]
[NIC "KF.06"]
[Time "19:40:56"]
[TimeControl "180+0"]

1. e4 g6 2. f4 Bg7 3. Nf3 d6 4. d4 Nh6 5. c3 O-O 6. e5 Nc6 7. Bc4 Kh8 8. O-O
f5 9. exf6 exf6 10. Nbd2 d5 11. Bb3 a5 12. a3 Ne7 13. h3 c6 14. Nh2 f5 15.
Ndf3 Neg8 16. Ne5 Nf6 17. Nhf3 Ne4 18. Bc2 Nf7 19. Bxe4 dxe4 20. Nxf7+ Rxf7
21. Ne5 Rf8 22. Be3 Qd6 23. Qe1 b6 24. Qh4 c5 25. Rad1 Bxe5 26. fxe5 Qd8 27.
Bg5 Qe8 28. dxc5 Qxe5 29. cxb6 Ba6 30. Rfe1 Bd3 31. Be3 Kg8 32. Bd4 Qd5 33.
Re3 Qf7 34. Rdxd3 exd3 35. Re6 Qb7 36. Re7 Qxe7 37. Qxe7 Rf7 38. Qe5
{Black forfeits on time}
1-0

[Event "ICCopen2017"]
[Site "Internet Chess Club"]
[Date "2017.03.26"]
[Round "4"]
[White "fairplay"]
[Black "PITCHUS"]
[Result "0-1"]
[ICCResult "White resigns"]
[WhiteElo "1277"]
[BlackElo "1754"]
[Opening "QGD Slav: exchange variation"]
[ECO "D13"]
[NIC "SL.02"]
[Time "19:42:02"]
[TimeControl "180+0"]

1. Nf3 c6 2. c4 d5 3. cxd5 cxd5 4. d4 Nf6 5. Nc3 g6 6. Bg5 Bg7 7. Bxf6 Bxf6
8. e3 Nc6 9. Be2 O-O 10. O-O a6 11. a3 Bf5 12. Rc1 Na5 13. h3 b5 14. g4 Be6
15. g5 Bg7 16. h4 h6 17. e4 hxg5 18. Nxg5 dxe4 19. Ncxe4 Bf5 20. Ng3 Qxd4
21. Nxf5 gxf5 22. Qc2 e6 23. Nf3 Qxb2 24. Qc7 Qxe2 25. Qxa5 Qxf3 26. Qb4 Be5
27. Rfe1 Bf4 28. Rcd1 Kh7 29. Re4 Qxd1+ {White resigns} 0-1

[Event "ICCopen2017"]
[Site "Internet Chess Club"]
[Date "2017.03.26"]
[Round "4"]
[White "CapitanCentella"]
[Black "rotyi59"]
[Result "1-0"]
[ICCResult "Black resigns"]
[WhiteElo "1833"]
[BlackElo "1537"]
[Opening "QGD: Chigorin defense"]
[ECO "D07"]
[NIC "QP.08"]
[Time "19:41:47"]
[TimeControl "180+0"]

1. d4 d5 2. c4 Nc6 3. Nc3 Nf6 4. e3 Bg4 5. Qb3 Na5 6. Qa4+ c6 7. cxd5 Nxd5
8. b4 Nxc3 9. Qxa5 Qxa5 10. bxa5 Nd5 11. Bd2 e6 12. a3 Be7 13. Rb1 Rb8 14.
f3 Bh5 15. Ne2 O-O 16. Nc3 Bg6 17. e4 Nf6 18. Na4 Bxa3 19. Be2 Be7 20. O-O
Rfd8 21. Be3 h6 22. Rfd1 Rd7 23. Kf2 Rbd8 24. Rb3 e5 25. Rbd3 exd4 26. Rxd4
Rxd4 27. Rxd4 Rxd4 28. Bxd4 a6 29. Nc5 Bd8 30. Nxb7 Nd7 31. Nxd8 {Black
resigns} 1-0

[Event "ICCopen2017"]
[Site "Internet Chess Club"]
[Date "2017.03.26"]
[Round "4"]
[White "BeerMeUpScotty"]
[Black "mbanan"]
[Result "1-0"]
[ICCResult "Black checkmated"]
[WhiteElo "1560"]
[BlackElo "1279"]
[Opening "French: Steinitz variation"]
[ECO "C11"]
[NIC "FR.04"]
[Time "19:41:47"]
[TimeControl "180+0"]

1. e4 e6 2. d4 d5 3. Nc3 Nf6 4. e5 Nfd7 5. f4 c5 6. Nf3 Nc6 7. Bd3 b6 8. O-O
f6 9. exf6 Nxf6 10. dxc5 bxc5 11. Ne5 Bb7 12. Bb5 Rc8 13. f5 a6 14. Bxc6+
Bxc6 15. Nxc6 Rxc6 16. fxe6 Rxe6 17. Bg5 d4 18. Bxf6 gxf6 19. Ne2 Qe7 20.
Nf4 Re4 21. Nd5 Qd6 22. Nxf6+ Ke7 23. Nxe4 Qg6 24. Re1 Kd8 25. Qf3 Be7 26.
Ng3 Rf8 27. Qa8+ Kd7 28. Qb7+ Ke8 29. Qxe7# {Black checkmated} 1-0

[Event "ICCopen2017"]
[Site "Internet Chess Club"]
[Date "2017.03.26"]
[Round "4"]
[White "nino-dg"]
[Black "uggi"]
[Result "1-0"]
[ICCResult "Black resigns"]
[WhiteElo "2384"]
[BlackElo "1939"]
[Opening "Ruy Lopez: Morphy defense, Duras variation"]
[ECO "C77"]
[NIC "RL.12"]
[Time "19:41:02"]
[TimeControl "180+0"]

1. e4 e5 2. Nf3 Nc6 3. Bb5 a6 4. Ba4 Nf6 5. d3 d6 6. c4 g6 7. Nc3 Bg7 8. Be3
O-O 9. O-O Bd7 10. h3 Nh5 11. Nd5 Nd4 12. Bxd7 Qxd7 13. Nxd4 exd4 14. Bg5 f6
15. Bd2 f5 16. exf5 Rxf5 17. g4 Rf7 18. gxh5 Qxh3 19. Nf4 Qf5 20. hxg6 hxg6
21. Qe2 Raf8 22. Rae1 Bh6 23. Ng2 Bxd2 24. Qxd2 Rh7 25. Qe2 Rff7 26. f4 Re7
27. Qf3 c6 28. Rxe7 Rxe7 29. Re1 Rxe1+ 30. Nxe1 Qa5 31. Qg3 Kg7 32. a3 Qd2
33. Qf2 Qd1 34. Kg2 Qg4+ 35. Kh2 Qh5+ 36. Kg3 Qd1 37. Qxd4+ Kh7 38. Kf2 Qg4
39. Nf3 {Black resigns} 1-0

[Event "ICCopen2017"]
[Site "Internet Chess Club"]
[Date "2017.03.26"]
[Round "4"]
[White "dashingfox"]
[Black "Kusox"]
[Result "1-0"]
[ICCResult "Black checkmated"]
[WhiteElo "1890"]
[BlackElo "2165"]
[Opening "Caro-Kann defense"]
[ECO "B11"]
[NIC "CK.01"]
[Time "19:40:59"]
[TimeControl "180+0"]

1. e4 c6 2. Nc3 d5 3. d3 dxe4 4. dxe4 Qxd1+ 5. Nxd1 g6 6. f4 Bg7 7. Nf3 Bg4
8. Bd3 Nd7 9. Ne3 Bxf3 10. gxf3 Ngf6 11. Ng4 h5 12. Nxf6+ Nxf6 13. c3 O-O-O
14. Bc2 h4 15. Be3 Nh5 16. Ke2 e5 17. Rad1 Nxf4+ 18. Bxf4 exf4 19. Bb3 Rhf8
20. Rxd8+ Kxd8 21. Rd1+ Ke7 22. Kf2 Be5 23. Kg2 f5 24. exf5 Rxf5 25. Kh3 Bf6
26. Re1+ Re5 27. Rxe5+ Bxe5 28. Kxh4 Kf6 29. Kg4 g5 30. Bc2 b5 31. Be4 c5
32. Bd3 b4 33. cxb4 cxb4 34. b3 Bc3 35. Bc4 Be1 36. Bd3 Bh4 37. Bc4 Ke5 38.
h3 a5 39. Bf1 Kd4 40. Kf5 Kc3 41. Ke4 Kb2 42. Kd4 Kxa2 43. Bc4 Ka3 44. Kd3
Kb2 45. Ke4 Kc3 46. Kd5 a4 47. bxa4 b3 48. a5 b2 49. Ba2 Kc2 50. a6 Bf2 51.
Ke5 b1=Q 52. Bxb1+ Kxb1 53. Kf5 Kc2 54. Kxg5 Be3 55. h4 Kd3 56. h5 Ke2 57.
h6 Kxf3 58. h7 Bd4 59. a7 Bxa7 60. h8=Q Be3 61. Qb2 Bf2 62. Qc3+ Be3 63. Qe1
Kg2 64. Kg4 Kh2 65. Kf3 Kh3 66. Qh1# {Black checkmated} 1-0

[Event "ICCopen2017"]
[Site "Internet Chess Club"]
[Date "2017.03.26"]
[Round "4"]
[White "jps7"]
[Black "MikeWzd"]
[Result "0-1"]
[ICCResult "White checkmated"]
[WhiteElo "1538"]
[BlackElo "1761"]
[Opening "King's Indian: East Indian defense"]
[ECO "A48"]
[NIC "QP.06"]
[Time "19:41:02"]
[TimeControl "180+0"]

1. d4 Nf6 2. Nf3 g6 3. e3 Bg7 4. Bd3 d6 5. O-O O-O 6. b3 c5 7. Bb2 a6 8. c4
b6 9. d5 Bg4 10. Nbd2 Nbd7 11. Qc2 Qb8 12. h3 Bxf3 13. Nxf3 b5 14. Rad1 b4
15. Rfe1 a5 16. e4 a4 17. e5 axb3 18. axb3 Nxe5 19. Nxe5 dxe5 20. Bxe5 Qb7
21. Qb2 Ra6 22. Ra1 Rfa8 23. Rxa6 Rxa6 24. Ra1 Qa7 25. Rxa6 Qxa6 26. g3 Qa3
27. Qxa3 bxa3 28. Bb1 Nd7 29. Bxg7 Kxg7 30. Ba2 Kf6 31. f4 g5 32. fxg5+ Ke5
33. Kf2 Kd4 34. Ke2 Kc3 35. Bb1 Kb2 36. Bf5 Nf8 37. b4 cxb4 38. c5 a2 39. c6
a1=Q 40. c7 Qa6+ 41. Ke3 e6 42. dxe6 fxe6 43. Bd3 Qb6+ 44. Ke4 Qxc7 45. Kd4
Qd6+ 46. Kc4 Ng6 47. Bxg6 hxg6 48. g4 e5 49. h4 Qd4+ 50. Kb5 e4 51. h5 e3
52. h6 e2 53. h7 e1=Q 54. h8=Q Qxh8 55. Kc6 Qee5 56. Kd7 Qhe8#
{White checkmated}
0-1

[Event "ICCopen2017"]
[Site "Internet Chess Club"]
[Date "2017.03.26"]
[Round "4"]
[White "starfiasch"]
[Black "ComeonJimtal"]
[Result "0-1"]
[ICCResult "White forfeits on time"]
[WhiteElo "1531"]
[BlackElo "1776"]
[Opening "Réti opening"]
[ECO "A11"]
[NIC "QP.09"]
[Time "19:40:59"]
[TimeControl "180+0"]

1. Nf3 d5 2. c4 c6 3. e3 e6 4. d4 f6 5. Nc3 Bd6 6. Qc2 Ne7 7. e4 O-O 8. Be2
Bc7 9. O-O Nd7 10. exd5 exd5 11. cxd5 Nxd5 12. Nxd5 cxd5 13. Be3 Nb6 14.
Rac1 Bd6 15. Qb3 Bd7 16. Bb5 Be6 17. a4 a6 18. Bd3 Rb8 19. a5 Nc4 20. Bb1
Bg4 21. Qd3 g6 22. Nh4 Nxb2 23. Qc2 Nc4 24. Nxg6 Rf7 25. Nf4 Na3 26. Qb2
Nxb1 27. Rxb1 Rg7 28. g3 Bf5 29. Rbc1 Qd7 30. Nxd5 Rf8 31. Nb6 Qf7 32. Rfe1
Qh5 33. Qe2 Bg4 34. Qf1 Bf3 35. h3 Bxg3 36. fxg3 Rxg3+ 37. Kh2 Rg2+
{White forfeits on time}
0-1

[Event "ICCopen2017"]
[Site "Internet Chess Club"]
[Date "2017.03.26"]
[Round "4"]
[White "beaupre"]
[Black "Kjaan1974"]
[Result "1-0"]
[ICCResult "Black resigns"]
[WhiteElo "1785"]
[BlackElo "1459"]
[Opening "Lengfellner system"]
[ECO "B07"]
[NIC "VO.17"]
[Time "19:42:26"]
[TimeControl "180+0"]

1. e4 d6 2. d4 e6 3. f4 Bd7 4. Nf3 a6 5. Bd3 h6 6. O-O Be7 7. Nc3 Nf6 8. Qe1
c6 9. Bd2 b5 10. e5 Nd5 11. Qe4 Nxc3 12. bxc3 d5 13. Qe1 g5 14. a4 Qb6 15.
axb5 cxb5 16. fxg5 hxg5 17. Nxg5 Bxg5 18. Bxg5 Bc6 19. Rxf7 Kxf7 20. Qf2+
Kg8 21. Rf1 {Black resigns} 1-0

[Event "ICCopen2017"]
[Site "Internet Chess Club"]
[Date "2017.03.26"]
[Round "4"]
[White "TZ700A"]
[Black "Siryk"]
[Result "0-1"]
[ICCResult "White resigns"]
[WhiteElo "1380"]
[BlackElo "2935"]
[Opening "Sicilian"]
[ECO "B50"]
[NIC "SI.01"]
[Time "19:41:29"]
[TimeControl "180+0"]

1. e4 c5 2. Nf3 d6 3. Bc4 Nf6 4. Nc3 e6 5. O-O Nc6 6. d4 cxd4 7. Nxd4 Be7 8.
Nxc6 bxc6 9. Bg5 O-O 10. Qf3 d5 11. exd5 cxd5 12. Rad1 Nd7 13. Bxe7 Qxe7 14.
Rfe1 Qf6 15. Qxf6 Nxf6 16. Bd3 Rb8 17. Rb1 Bd7 18. Ne2 Rfe8 19. Nd4 e5 20.
Nb3 Bb5 21. Bxb5 Rxb5 22. Nd2 d4 23. Ne4 Nxe4 24. Rxe4 Reb8 25. b3 Rc8 26.
Rb2 Rbc5 27. Kf1 f5 28. Re1 Kf7 29. f3 Kf6 30. a4 Rxc2 31. Rxc2 Rxc2 32. Rb1
e4 33. fxe4 fxe4 34. Ke1 d3 35. Kf1 e3 {White resigns} 0-1

[Event "ICCopen2017"]
[Site "Internet Chess Club"]
[Date "2017.03.26"]
[Round "4"]
[White "Bonao"]
[Black "TheSettersDad"]
[Result "1-0"]
[ICCResult "Black resigns"]
[WhiteElo "2064"]
[BlackElo "1576"]
[Opening "Queen's pawn game"]
[ECO "A46"]
[NIC "QP.06"]
[Time "19:41:34"]
[TimeControl "180+0"]

1. d4 Nf6 2. Nf3 d6 3. Bf4 g6 4. e3 Bg7 5. h3 O-O 6. Be2 c6 7. O-O a6 8. c4
b5 9. a4 b4 10. Nbd2 a5 11. Nb3 Nbd7 12. Rc1 Re8 13. c5 d5 14. Bd3 Ba6 15.
Re1 Bxd3 16. Qxd3 Ne4 17. Nfd2 Nxd2 18. Qxd2 e5 19. Bg3 e4 20. Qe2 f5 21. f3
Nf6 22. Be5 Nh5 23. Bxg7 Kxg7 24. Qf2 Qc7 25. Nd2 Qg3 26. fxe4 Qxf2+ 27.
Kxf2 fxe4 28. g4 Rf8+ 29. Kg2 Nf6 30. Rf1 Nd7 31. Kg3 Rae8 32. Rxf8 Rxf8 33.
Rf1 Rxf1 34. Nxf1 h5 35. Nd2 Kf6 36. Nb3 Kg5 37. h4+ Kf6 38. g5+ Ke6 39.
Nxa5 Nb8 40. Kf4 b3 41. Nxb3 Na6 42. Na5 Nb4 43. b3 Nd3+ 44. Kg3 Nb4 45. Nb7
Na6 46. Nd6 Nb4 47. a5 Kd7 48. Kf4 Nc2 49. a6 Kc7 50. a7 {Black resigns} 1-0

[Event "ICCopen2017"]
[Site "Internet Chess Club"]
[Date "2017.03.26"]
[Round "4"]
[White "chabotheking"]
[Black "Realboy"]
[Result "1-0"]
[ICCResult "Black resigns"]
[WhiteElo "2512"]
[BlackElo "2972"]
[Opening "Caro-Kann defense"]
[ECO "B11"]
[NIC "CK.01"]
[Time "19:42:22"]
[TimeControl "180+0"]

1. e4 c6 2. Nc3 d5 3. Qe2 e6 4. d3 g6 5. g3 Bg7 6. Bg2 Ne7 7. Bd2 Nd7 8. Nf3
b6 9. O-O-O Bb7 10. Kb1 d4 11. Na4 b5 12. e5 bxa4 13. Nxd4 Nxe5 14. Nxe6
fxe6 15. Bc3 Qc7 16. f4 Nd5 17. Bxe5 Bxe5 18. fxe5 Qb6 19. Qg4 Kd7 20. Bxd5
cxd5 21. Qxa4+ Qc6 22. Qa3 Rhf8 23. Rhf1 Rf5 24. g4 Rc8 25. gxf5 Qxc2+ 26.
Ka1 gxf5 27. Qd6+ Ke8 28. Qxe6+ Kd8 29. Qd6+ Ke8 30. e6 Rc7 31. Rg1
{Black resigns}
1-0

[Event "ICCopen2017"]
[Site "Internet Chess Club"]
[Date "2017.03.26"]
[Round "4"]
[White "CristianS"]
[Black "manneredmonkey"]
[Result "0-1"]
[ICCResult "White resigns"]
[WhiteElo "2060"]
[BlackElo "1850"]
[Opening "Pirc: classical, h3 system"]
[ECO "B08"]
[NIC "PU.10"]
[Time "19:42:01"]
[TimeControl "180+0"]

1. e4 d6 2. d4 Nf6 3. Nc3 g6 4. Nf3 Bg7 5. h3 b6 6. Be3 Bb7 7. Bd3 c5 8. d5
a6 9. a4 Qc7 10. O-O O-O 11. Re1 Nbd7 12. Bf4 Ne8 13. Qd2 Rc8 14. Bh6 Nef6
15. Bf4 Ne8 16. Qe2 c4 17. Qd2 cxd3 18. cxd3 Bxc3 19. bxc3 Qxc3 20. Qe3 Nc5
21. Red1 a5 22. Bg3 Ba6 23. Qh6 Qg7 24. Qe3 Nxd3 25. Rab1 Nb2 26. Rdc1 Nc4
27. Qe1 Nf6 28. Nd4 Nxd5 29. exd5 Qxd4 30. Qxe7 Rfe8 31. Qxd6 Nxd6
{White resigns}
0-1

[Event "ICCopen2017"]
[Site "Internet Chess Club"]
[Date "2017.03.26"]
[Round "4"]
[White "Dictator"]
[Black "Sophiste"]
[Result "0-1"]
[ICCResult "White resigns"]
[WhiteElo "2600"]
[BlackElo "3175"]
[Opening "King's Indian: Averbakh system"]
[ECO "E73"]
[NIC "KI.26"]
[Time "19:41:46"]
[TimeControl "180+0"]

1. d4 Nf6 2. c4 g6 3. Nc3 Bg7 4. e4 d6 5. Be2 O-O 6. Bg5 c6 7. f4 Qb6 8. Qd2
e5 9. c5 Qa5 10. cxd6 exd4 11. Bxf6 Bxf6 12. Nd1 Qxd2+ 13. Kxd2 c5 14. e5
Bd8 15. Nf2 Ba5+ 16. Kc2 Nc6 17. a3 Be6 18. Ne4 c4 19. Nf3 Bf5 20. Ng5 d3+
21. Bxd3 cxd3+ 22. Kxd3 h6 23. g4 hxg5 24. gxf5 gxf4 25. Raf1 Nxe5+ 26. Kd4
Nc6+ 27. Kd5 Kg7 28. Rxf4 Rfe8 29. f6+ Kg8 30. d7 Re5+ 31. Kd6 Rd8 32. Nc5
Bb6 33. Nxb7 Re6+ 34. Kd5 Rxd7+ 35. Kc4 Rxb7 {White resigns} 0-1

[Event "ICCopen2017"]
[Site "Internet Chess Club"]
[Date "2017.03.26"]
[Round "4"]
[White "Linguini"]
[Black "Puffy"]
[Result "0-1"]
[ICCResult "White checkmated"]
[WhiteElo "1212"]
[BlackElo "1732"]
[Opening "French defense"]
[ECO "C00"]
[NIC "FR.01"]
[Time "19:41:22"]
[TimeControl "180+0"]

1. e4 e6 2. Nf3 d5 3. exd5 exd5 4. d4 Nc6 5. Bb5 Bd6 6. O-O Ne7 7. Bg5 f6 8.
Bh4 O-O 9. Nc3 Bd7 10. Re1 a6 11. Ba4 Nb8 12. Bb3 c6 13. Bg3 Nf5 14. Bxd6
Nxd6 15. Qe2 Re8 16. Qd2 Be6 17. Na4 Nd7 18. Nc3 b5 19. a3 Qc7 20. Qf4 Bf7
21. Qg3 Rxe1+ 22. Rxe1 Re8 23. Rxe8+ Nxe8 24. Qxc7 Nxc7 25. Kf1 Bh5 26. Nd2
Ne8 27. f3 Nd6 28. g4 Bg6 29. Ke2 a5 30. Kd1 a4 31. Ba2 Kf7 32. Bb1 Ke7 33.
Ke2 Nb6 34. Ke3 Nbc4+ 35. Nxc4 Nxc4+ 36. Kf2 Nxb2 37. Ne2 Nc4 38. Nf4 Nxa3
39. Nxg6+ hxg6 40. Ba2 Nxc2 41. h4 Nxd4 42. Ke3 Nc2+ 43. Kd2 Nb4 44. Bb1 Kf7
45. Kc3 c5 46. f4 d4+ 47. Kd2 a3 48. Kc1 a2 49. Bxa2+ Nxa2+ 50. Kb2 Nb4 51.
Kb3 d3 52. Kc3 c4 53. Kd2 Nd5 54. f5 gxf5 55. gxf5 Ne7 56. Kc3 Nxf5 57. Kd2
Nxh4 58. Kc3 Nf5 59. Kd2 g5 60. Kc3 g4 61. Kd2 g3 62. Ke1 g2 63. Kf2 c3 64.
Kxg2 c2 65. Kf3 c1=Q 66. Ke4 Qe3+ 67. Kd5 Qe5+ 68. Kc6 b4 69. Kd7 b3 70. Kc6
d2 71. Kd7 d1=Q+ 72. Kc6 Qdd6+ 73. Kb7 Qee7+ 74. Kc8 Qdd8# {White
checkmated} 0-1

[Event "ICCopen2017"]
[Site "Internet Chess Club"]
[Date "2017.03.26"]
[Round "4"]
[White "lsokol"]
[Black "Piranha"]
[Result "1-0"]
[ICCResult "Black resigns"]
[WhiteElo "2372"]
[BlackElo "1628"]
[Opening "Dutch: Staunton gambit, Staunton's line"]
[ECO "A83"]
[NIC "HD.11"]
[Time "19:42:09"]
[TimeControl "180+0"]

1. d4 f5 2. e4 fxe4 3. Nc3 Nf6 4. Bg5 Nc6 5. d5 Ne5 6. Qd4 Nf7 7. Bxf6 exf6
8. Nxe4 f5 9. Nd2 g6 10. Ngf3 Bh6 11. Bc4 d6 12. O-O O-O 13. Rfe1 Bg7 14.
Qd3 Bxb2 15. Rab1 Bg7 16. h4 h5 17. Nb3 Ne5 18. Nxe5 Bxe5 19. g3 Bd7 20. Nd4
Bxd4 21. Qxd4 Qf6 22. Qxf6 Rxf6 23. Rxb7 f4 24. Rxc7 fxg3 25. fxg3 Rf7 26.
Bd3 Kg7 27. c4 Rc8 28. Rxa7 Rb8 29. c5 dxc5 30. d6 Rb2 31. Bc4 Rff2 32.
Rxd7+ Kf6 33. Bd5 {Black resigns} 1-0

[Event "ICCopen2017"]
[Site "Internet Chess Club"]
[Date "2017.03.26"]
[Round "4"]
[White "Shadeath"]
[Black "flashlight"]
[Result "1-0"]
[ICCResult "Black checkmated"]
[WhiteElo "2784"]
[BlackElo "2035"]
[Opening "King's Indian: Torre attack"]
[ECO "A48"]
[NIC "QP.01"]
[Time "19:41:35"]
[TimeControl "180+0"]

1. d4 Nf6 2. Nf3 g6 3. Bg5 Bg7 4. Nbd2 d5 5. e3 O-O 6. h3 b6 7. c4 e6 8. Bd3
Bb7 9. O-O Nbd7 10. cxd5 exd5 11. b4 a6 12. a4 Qe7 13. Qb3 Rfe8 14. Rac1
Rac8 15. a5 Qe6 16. Bf4 c6 17. axb6 Nxb6 18. Ra1 Ra8 19. Rfc1 Nbd7 20. Qc2
h6 21. Nb3 g5 22. Bh2 g4 23. Bf5 Qe7 24. hxg4 Nb6 25. Na5 Bc8 26. Nxc6 Qb7
27. Na5 Qe7 28. Qc5 Bxf5 29. Qxe7 Rxe7 30. gxf5 Ne4 31. Rc6 Nc8 32. Rac1 Re8
33. Be5 Ne7 34. Rc7 Nxf5 35. g4 Nfd6 36. R1c6 Nb5 37. Rd7 Bf8 38. Rxd5 Bxb4
39. Nc4 Nbc3 40. Rd7 a5 41. Rxh6 f6 42. Rg6+ Kf8 43. Bxf6 Nxf6 44. Rxf6+ Kg8
45. Rg6+ Kf8 46. Ng5 Ne4 47. Rf7# {Black checkmated} 1-0

[Event "ICCopen2017"]
[Site "Internet Chess Club"]
[Date "2017.03.26"]
[Round "4"]
[White "WobblySquares"]
[Black "weakfish"]
[Result "1-0"]
[ICCResult "Black forfeits on time"]
[WhiteElo "1738"]
[BlackElo "1309"]
[Opening "Caro-Kann: exchange variation"]
[ECO "B13"]
[NIC "CK.02"]
[Time "19:40:54"]
[TimeControl "180+0"]

1. e4 c6 2. d4 d5 3. exd5 cxd5 4. Nf3 a6 5. Bd3 Bg4 6. Be3 e6 7. Nbd2 Nf6 8.
O-O Be7 9. Re1 Nbd7 10. c3 O-O 11. Rc1 Rc8 12. Qb3 Qb6 13. Qc2 Rc6 14. Ne5
Rcc8 15. Nxg4 Nxg4 16. Bxh7+ Kh8 17. Bd3 Qc7 18. Nf3 Bd6 19. h3 Ngf6 20. Qe2
Bf4 21. Bb1 Ne4 22. Bxf4 Qxf4 23. Bxe4 dxe4 24. Qxe4 Qh6 25. Ne5 Nf6 26.
Qxb7 Rb8 27. Nxf7+ Rxf7 28. Qxf7 Rxb2 29. Qxe6 Qf4 30. Qe3 Qf5 31. a3 Ne4
32. Re2 Rxe2 33. Qxe2 Ng5 34. Qe8+ Kh7 35. Qh5+ Kg8 36. h4 g6 37. Qxg5 Qxg5
38. hxg5 Kg7 39. Re1 Kf7 40. Re5 Kg7 41. f4 Kf7 42. g4 Kg7 43. f5 gxf5 44.
gxf5 Kf7 45. g6+ Kf6 46. Re6+ Kxf5 47. Re7 {Black forfeits on time} 1-0